Map: Kairos Junction LE

Players

HoneyBadger - Winner!

  • Race: Protoss Protoss
  • League: Diamond
  • Spawn Location: 5:00

MegroN

  • Race: Terran Terran
  • League: Diamond
  • Spawn Location: 11:00

VOD

Have the link to the VOD?

Description

Time

  • Played on: May 31, 2019, 4:36 p.m.
  • Length: 390:05
Show
View Real Time Build Order
Export as new Build Order

HoneyBadger Protoss - Winner!

Build Orders:  

Get SALT Encoding   

  12  0:00  Probe  
  13  0:13  Probe  
  14  0:20  Pylon  
  14  0:25  Probe  
  15  0:35  Probe  
  15  0:38  Pylon  
  16  0:43  Probe  
  16  0:46  Assimilator  
  17  0:52  Probe  
  18  1:00  Gateway  
  18  1:04  Probe  
  19  1:17  Probe  
  20  1:29  Probe  
  21  1:48  Cybernetics Core  
  21  1:51  Zealot  
  21  1:53  Assimilator  
  23  2:05  Probe  
  24  2:10  Zealot  
  24  2:15  Nexus  
  24  2:17  Probe  
  27  2:34  Stalker  
  29  2:47  Probe  
  28  2:51  Warp Gate  
  28  2:54  Gateway  
  28  2:55  Gateway  
  28  3:00  Stalker  
  30  3:24  Stalker  
  32  3:41  Probe  
  32  3:44  Probe  
  34  3:49  Probe  
  34  3:54  Stalker  
  37  3:57  Probe  
  37  3:58  Stalker  
  37  3:59  Probe  
  37  4:01  Stalker  
  43  4:03  Pylon  
  43  4:09  Probe  
  44  4:11  Probe  
  43  4:31  Probe  
  43  4:35  Probe  
  45  4:39  Probe  
  45  4:40  Robotics Facility  
  45  4:42  Forge  
  46  4:47  Probe  
  46  4:49  Probe  
  46  4:52  Stalker x3  
  50  5:18  Stalker x2  
  53  5:28  Probe  
  54  5:44  Nexus  
  54  5:45  Pylon  
  54  6:03  Immortal, Probe x2  
  60  6:06  Gateway  
  60  6:08  Gateway  
  60  6:15  Probe x2  
  60  6:17  Pylon  
  62  6:20  Assimilator  
  62  6:22  Assimilator  
  62  6:31  Probe  
  62  6:33  Pylon  
  62  6:35  Probe  
  62  6:36  Pylon  
  63  6:41  Stalker x2  
  63  6:42  Stalker  
  63  6:43  Probe  
  69  6:47  Probe  
  63  6:55  Probe  
  63  6:59  Probe  
  64  7:02  Gateway x2  
  64  7:07  Probe  
  64  7:08  Stalker  
  62  7:39  Probe  
  62  7:40  Probe x2  
  65  7:51  Probe  
  65  7:52  Probe x2  
  65  7:55  Stalker x3  
  69  8:04  Probe x3  
  68  8:11  Stalker x2  
  72  8:16  Probe  
  71  8:26  Stalker x3  
  75  8:29  Probe  
  75  8:32  Probe x2  
  74  8:37  Stalker x2, Probe  
  79  8:44  Probe x2  
  79  8:46  Pylon  
  79  8:47  Probe  
  81  8:50  Pylon  
  81  8:52  Pylon, Stalker  
  84  8:56  Probe x2  
  84  9:02  Stalker x2  
  88  9:09  Probe  
  91  9:11  Pylon, Stalker  
  93  9:20  Probe  
  93  9:24  Probe x2  
  95  9:26  Stalker  
  95  9:27  Stalker x2  
  102  9:34  Assimilator  
  102  9:36  Assimilator, Probe x2  
  104  9:39  Gateway  
  104  9:42  Gateway  
  104  9:51  Pylon  
  104  9:54  Photon Cannon  
  104  9:59  Photon Cannon, Stalker  
  106  10:03  Stalker  
  106  10:04  Photon Cannon  
  108  10:08  Pylon  
  108  10:13  Twilight Council  
  108  10:40  Pylon  
  106  10:46  Stalker x2  
  106  10:47  Stalker x7  
  118  10:56  Pylon  
  118  11:01  Gateway  
  118  11:13  Nexus  
  118  11:15  Pylon  
  118  11:17  Stalker x5  
  118  11:18  Stalker x2  
  130  11:19  Pylon  
  119  11:33  Probe  
  119  11:36  Probe x2  
  122  11:41  Probe  
  122  11:43  Photon Cannon  
  123  11:47  Photon Cannon  
  123  11:48  Probe x2  
  123  11:58  Stalker  
  123  11:59  Stalker x4  
  127  12:07  Stalker x2  
  127  12:08  Stalker  
  129  12:12  Probe  
  130  12:22  Stalker x3  
  136  12:32  Blink  
  136  12:34  Stalker x4  
  136  12:36  Probe  
  144  13:13  Photon Cannon  
  144  13:17  Photon Cannon  
  144  13:19  Protoss Ground Weapons Level 1  
  144  13:21  Photon Cannon  
  144  13:25  Photon Cannon  
  144  13:26  Probe x3  
  147  13:31  Photon Cannon  
  147  13:34  Photon Cannon  
  147  13:37  Gateway x2  
  147  13:39  Gateway  
  147  13:43  Forge  
  147  13:50  Probe  
  147  13:51  Probe  
  147  13:52  Probe  
  147  13:53  Probe  
  151  13:58  Probe  
  151  13:59  Observer, Probe  
  151  14:00  Probe  
  151  14:01  Probe  
  152  14:07  Probe  
  152  14:08  Probe  
  156  14:10  Stalker x4  
  156  14:11  Stalker x3  
  172  14:18  Observer  
  172  14:20  Probe  
  174  14:29  Protoss Ground Armor Level 1  
  172  14:39  Observer  
  171  15:02  Stargate  
  171  15:03  Stalker x2  
  171  15:04  Stalker x2  
  171  15:05  Stargate  
  179  15:11  Pylon  
  179  15:13  Pylon x2  
  179  15:39  Gateway  
  179  15:41  Gateway  
  177  15:43  Gateway  
  177  15:44  Stalker x4  
  177  15:45  Stalker x7  
  197  16:30  Pylon  
  197  16:32  Pylon  
  193  16:45  Probe x3  
  196  16:48  Probe  
  197  16:57  Probe x3  
  198  17:09  Photon Cannon  
  198  17:12  Pylon  
  198  17:13  Photon Cannon  
  198  17:15  Photon Cannon  
  196  17:49  Stalker x2  
  196  17:51  Protoss Ground Weapons Level 2  
  200  17:52  Protoss Ground Armor Level 2  
  196  18:05  Stalker x4  
  198  18:15  Pylon  
  198  18:20  Pylon  
  198  18:24  Assimilator  
  198  18:30  Assimilator  
  198  18:46  Gateway  
  198  18:47  Pylon  
  198  18:49  Nexus  
  198  18:52  Pylon  
  198  18:54  Pylon  
  198  18:58  Assimilator  
  196  19:22  Stalker x2  
  196  19:47  Nexus  
  196  19:49  Stalker x2  
  196  19:50  Pylon, Stalker  
  200  19:53  Pylon  
  200  19:56  Assimilator  
  200  20:00  Assimilator  
  200  20:05  Pylon  
  194  20:10  Pylon  
  194  20:16  Stalker x3  
  159  20:51  Stalker x3  
  159  20:52  Stalker x5  
  159  20:53  Stalker x4  
  159  20:54  Stalker  
  181  21:02  Photon Cannon  
  169  21:05  Photon Cannon  
  169  21:08  Photon Cannon  
  161  21:11  Photon Cannon  
  161  21:16  Photon Cannon  
  155  21:18  Photon Cannon  
  155  21:20  Stalker x2  
  155  21:21  Photon Cannon, Stalker x3  
  155  21:22  Stalker x4  
  169  21:27  Pylon  
  169  21:33  Stalker x2  
  169  21:34  Stalker x2  
  151  22:13  Stalker x5  
  151  22:14  Stalker x6  
  151  22:15  Stalker  
  175  22:21  Probe  
  175  22:25  Probe x3  
  177  22:33  Photon Cannon  
  177  22:35  Photon Cannon, Probe  
  179  22:37  Probe  
  179  22:39  Photon Cannon  
  179  22:43  Photon Cannon  
  179  22:48  Pylon  
  179  22:51  Probe x3  
  182  22:59  Photon Cannon  
  182  23:01  Photon Cannon  
  182  23:03  Photon Cannon  
  182  23:18  Assimilator  
  182  23:33  Stalker x4  
  182  23:34  Stalker x5, Nexus  
  196  23:37  Pylon  
  196  23:39  Pylon  
  200  23:42  Assimilator  
  200  23:46  Assimilator  
  156  24:20  Adept x2  
  156  24:21  Stalker x6  
  156  24:22  Stalker x2  
  170  24:47  Stalker x4  
  170  24:48  Stalker x4  
  170  24:50  Stalker  
  170  24:52  Photon Cannon  
  188  24:54  Photon Cannon  
  188  24:56  Photon Cannon  
  188  24:59  Photon Cannon  
  186  25:15  Stalker x2  
  186  25:16  Stalker x5  
  200  25:24  Templar Archives  
  184  26:05  Probe x3  
  184  26:06  Probe  
  184  26:17  Probe x3  
  187  26:23  High Templar x2  
  187  26:24  High Templar x4  
  199  26:36  Pylon  
  197  26:52  Stalker x2  
  197  27:30  Protoss Shields Level 1  
  197  27:38  Protoss Ground Weapons Level 3  
  195  28:03  Fleet Beacon  
  183  28:25  Archon x2  
  183  28:26  Archon  
  151  28:56  Mothership  
  151  29:01  Photon Cannon  
  151  29:02  Photon Cannon  
  159  29:06  Stalker  
  159  29:07  Stalker x6  
  159  29:08  Stalker x5  
  159  29:09  Stalker  
  185  29:12  Tempest x2  
  175  30:09  Pylon, Assimilator  
  175  30:10  Pylon  
  175  30:11  Pylon  
  175  30:12  Assimilator  
  163  30:27  Stalker x5  
  163  30:28  Stalker x7  
  181  30:29  Stalker  
  189  30:44  Pylon  
  189  30:47  Photon Cannon  
  189  30:49  Photon Cannon  
  189  30:51  Photon Cannon  
  189  30:53  Photon Cannon  
  189  30:56  Photon Cannon  
  189  30:59  Photon Cannon  
  189  31:04  Photon Cannon  
Show
View Real Time Build Order
Export as new Build Order

MegroN Terran 

Build Orders: Gas First Reaper Expand 

Get SALT Encoding   

  12  0:01  SCV  
  13  0:13  SCV  
  14  0:17  Supply Depot  
  14  0:25  SCV  
  15  0:31  Refinery  
  15  0:38  SCV  
  16  0:45  Barracks  
  16  0:51  SCV  
  17  1:03  SCV  
  18  1:15  SCV  
  19  1:34  Reaper  
  19  1:36  Orbital Command  
  20  1:43  Supply Depot  
  19  1:56  Command Center  
  19  2:02  SCV  
  20  2:13  Factory  
  20  2:15  Barracks Reactor  
  20  2:17  SCV  
  20  2:21  Refinery  
  21  2:36  Bunker  
  20  2:56  Marine x2  
  22  2:59  Supply Depot  
  22  3:00  SCV  
  22  3:05  Factory Tech Lab  
  23  3:21  SCV  
  24  3:30  Marine  
  24  3:31  Marine  
  29  3:34  Cyclone  
  29  3:36  SCV  
  29  3:38  Starport  
  29  3:48  SCV  
  29  3:50  Command Center  
  30  3:55  Marine  
  31  4:08  Supply Depot  
  31  4:25  Infernal Pre-Igniter  
  31  4:27  Starport Tech Lab  
  31  4:30  Hellion, SCV  
  34  4:31  Fusion Core  
  34  4:42  SCV  
  35  4:52  Hellion  
  37  4:58  SCV  
  32  5:09  Marine x2  
  32  5:10  SCV  
  32  5:13  Hellion  
  36  5:26  Marine  
  36  5:27  Marine  
  35  5:30  Battlecruiser  
  35  5:33  Orbital Command  
  35  5:34  SCV  
  42  5:39  Supply Depot  
  42  5:46  SCV  
  42  5:52  Hellion  
  44  5:59  Engineering Bay  
  44  6:06  SCV x2  
  44  6:09  Marine x2  
  48  6:14  Command Center  
  48  6:19  Supply Depot  
  48  6:38  Battlecruiser  
  54  6:40  Marine x2  
  54  6:58  Siege Tank  
  52  7:06  SCV x2  
  54  7:21  Weapon Refit  
  54  7:24  Missile Turret  
  54  7:44  Orbital Command  
  48  7:49  Orbital Command  
  39  8:27  Refinery  
  39  8:29  Siege Tank, Refinery  
  39  8:30  Marine x2  
  40  8:35  Factory  
  40  8:37  Factory  
  40  8:41  Bunker  
  40  8:42  Missile Turret  
  40  8:44  Supply Depot, SCV  
  40  8:45  Bunker, SCV  
  40  8:47  Missile Turret  
  42  9:01  SCV x3  
  45  9:10  Battlecruiser  
  45  9:13  SCV x2  
  45  9:14  SCV  
  54  9:17  Supply Depot, Marine x2  
  54  9:23  Factory Reactor  
  54  9:24  Factory Tech Lab  
  56  9:25  SCV x2  
  56  9:26  Armory, SCV  
  56  9:30  Hellion  
  61  9:35  Marine x2  
  61  9:37  SCV  
  61  9:38  SCV x2  
  66  9:41  Missile Turret  
  66  9:44  Supply Depot  
  66  9:45  Supply Depot x2  
  66  9:48  Supply Depot  
  66  9:49  Hellion  
  66  9:50  SCV  
  66  9:52  Hellion  
  71  9:53  Marine x2, SCV x2  
  75  10:01  Hellion x2  
  75  10:02  SCV  
  75  10:05  SCV  
  81  10:09  Supply Depot  
  81  10:10  Supply Depot  
  81  10:11  Hellion  
  81  10:13  Hellion  
  85  10:23  Battlecruiser  
  90  10:32  Siege Tank  
  90  10:33  Hellion x2  
  90  10:34  Siege Tank  
  96  10:52  Marine  
  96  10:53  Marine  
  98  11:07  Command Center  
  98  11:10  Marine  
  93  11:12  Missile Turret  
  93  11:13  Refinery  
  93  11:15  Refinery  
  85  11:26  Siege Tank x2  
  85  11:27  Hellion x2  
  87  11:48  Widow Mine x2  
  87  11:51  Terran Vehicle Weapons Level 1  
  85  12:22  Command Center  
  85  12:24  Armory  
  85  12:27  Cyclone x2  
  87  12:35  Liberator  
  85  12:45  Widow Mine x2  
  85  12:49  SCV x2  
  85  12:51  Advanced Ballistics  
  94  12:59  Cyclone x2  
  100  13:06  Widow Mine  
  100  13:07  Widow Mine  
  100  13:17  Liberator  
  100  13:28  Widow Mine, Hellion, Orbital Command  
  100  13:31  Cyclone x2  
  113  13:45  Supply Depot  
  113  13:49  Terran Vehicle Weapons Level 2, Hellion x2, Terran Vehicle And Ship Armor Level 1  
  113  13:51  Drilling Claws  
  113  13:53  Refinery, Missile Turret  
  117  13:56  Refinery  
  117  14:07  Command Center  
  117  14:09  Hellion  
  121  14:10  Hellion  
  121  14:19  Missile Turret  
  121  14:21  Missile Turret  
  121  14:25  Missile Turret  
  118  14:45  Planetary Fortress  
  118  14:48  SCV x3  
  118  14:55  Cyclone x2  
  118  14:56  Hellion x2  
  128  15:00  SCV x2  
  130  15:13  Battlecruiser  
  136  15:18  Factory x2  
  136  15:27  Siege Tank x2  
  132  15:52  Widow Mine x2  
  132  15:53  Terran Vehicle And Ship Armor Level 2  
  132  15:55  Command Center  
  136  15:57  Factory, Missile Turret  
  136  15:58  Supply Depot  
  136  15:59  Orbital Command  
  136  16:00  Widow Mine, Factory x2  
  136  16:01  Refinery x2  
  136  16:03  Missile Turret  
  138  16:06  Missile Turret  
  117  16:38  Siege Tank x2  
  117  16:39  Hellion x4  
  131  16:44  Supply Depot  
  131  16:46  Factory Tech Lab x2  
  131  16:54  Hellion  
  133  17:00  Hellion x3  
  133  17:01  Hellion  
  141  17:03  Terran Vehicle Weapons Level 3  
  141  17:10  Siege Tank, Hellion  
  141  17:15  Hellion  
  148  17:19  Planetary Fortress  
  148  17:27  Hellion x2  
  148  17:28  Hellion  
  154  17:31  Cyclone  
  151  17:42  Siege Tank x3  
  151  17:43  Hellion x2  
  160  17:49  Hellion x2  
  140  18:15  Terran Vehicle And Ship Armor Level 3  
  140  18:19  Siege Tank x4  
  148  18:34  Hellion x2  
  148  18:35  Hellion  
  150  18:44  Hellion  
  150  18:45  Hellion  
  152  18:49  Refinery  
  152  18:51  Refinery  
  152  18:54  Missile Turret  
  152  18:55  Command Center  
  152  18:56  Missile Turret  
  152  19:14  Missile Turret  
  149  19:17  Missile Turret  
  149  19:18  Missile Turret  
  149  19:21  Hellion  
  149  19:22  Hellion x5  
  145  19:39  Cyclone x3  
  145  19:40  Terran Ship Weapons Level 1  
  145  19:43  Cyclone  
  149  19:57  Battlecruiser  
  155  20:11  Cyclone x2  
  104  21:01  Cyclone x3, Hellion x3  
  104  21:02  Cyclone  
  87  21:33  Cyclone x2  
  87  21:34  Cyclone  
  86  21:43  Hellion x2  
  86  21:44  Hellion x2  
  84  22:04  Hellion  
  84  22:05  Cyclone x2, Hellion x3  
  84  22:06  Cyclone  
  83  22:25  Command Center  
  83  22:28  Terran Ship Weapons Level 2  
  81  22:37  Cyclone  
  81  22:38  Cyclone  
  88  22:51  Hellion x3  
  88  22:52  Hellion  
  89  23:09  Cyclone  
  89  23:10  Cyclone  
  99  23:12  Hellion  
  99  23:13  Hellion x3  
  99  23:16  Battlecruiser  
  99  23:17  Factory  
  109  23:20  Refinery  
  109  23:29  Factory  
  111  23:34  Hellion  
  111  23:42  Cyclone x2  
  69  24:28  Hellion x6  
  81  24:49  Hellion  
  81  24:50  Hellion x5  
  93  25:05  Battlecruiser  
  97  25:11  Command Center, Cyclone, Hellion x3  
  104  25:15  Widow Mine x2  
  102  25:32  Hellion x2  
  102  25:33  Hellion  
  102  25:36  Hellion  
  95  26:45  Orbital Command  
  95  27:24  Cyclone x2  
  101  27:56  Cyclone x2  
  107  27:59  Hellion x3  
  107  28:00  Hellion  
  107  28:03  Refinery  
  107  28:04  Refinery  
  107  28:05  Missile Turret  
  115  28:13  Missile Turret  
  76  28:28  Cyclone  
  52  28:46  Cyclone  
  52  28:47  Hellion x5  
  52  28:48  Hellion  
  66  29:00  Cyclone  
  69  29:08  Hellion  
  71  29:20  Widow Mine x2  
  71  29:24  Orbital Command  
  75  29:50  Refinery  
  75  29:51  Refinery  
  57  30:40  Hellion  
  57  30:41  Hellion x4  
Tags
 
Add a new tag
Caveats
  • Supply blocks, unpowered buildings, or Contaminate may cause inaccurate times.
  • Supply counts are checked every 10 seconds.